 Dungeon Crawl Stone Soup version 0.29-a0-23-ga79f92ac9c (webtiles) character file.

Game seed: 14762777732023701629

66684 agentchuck the Fighter (level 15, 0/117 (124) HPs)
             Began as a Formicid Hunter on Jan 28, 2022.
             Was the Champion of Fedhas.
             Slain by a red ugly thing (20 damage)
             ... on level 14 of the Dungeon on Jan 30, 2022.
             The game lasted 02:17:09 (25554 turns).

agentchuck the Fighter (Formicid Hunter)           Turns: 25554, Time: 02:17:09

HP:   0/117 (124)   AC: 19    Str: 33    XL:     15   Next: 63%
MP:   22/22         EV: 12    Int: 13    God:    Fedhas [******]
Gold: 641           SH: 10    Dex:  8    Spells: 11/14 levels left

rFire   . . .      SeeInvis +   e - +5 hand crossbow (flame)
rCold   + . .      Faith    .   I - +0 kite shield
rNeg    + . .      Spirit   .   n - +3 scale mail of Optimism {rElec rC+ Str+3 Dex+3}
rPois   +          Reflect  .   (helmet unavailable)
rElec   +          Harm     .   A - +1 cloak
rCorr   +          Rampage  .   h - +1 pair of gloves "Ywayhud" {rN+ rCorr Str+4 Dex-4}
Will    +....                   l - +1 pair of boots
Stlth   +.........              g - amulet of regeneration
HPRegen 1.09/turn               K - ring of Yesterday {rElec rPois Dex-4 SInv Stlth+}
MPRegen 0.18/turn               S - +6 ring of strength

@: studying 2 skills, drained
A: permanent stasis, dig shafts and tunnels, antennae 3, four strong arms
a: Dig, Shaft Self, Renounce Religion, Wall of Briars, Grow Ballistomycete,
Overgrow, Grow Oklob


You were on level 14 of the Dungeon.
You worshipped Fedhas.
Fedhas was exalted by your worship.
You visited 3 branches of the dungeon, and saw 21 of its levels.
You also visited: Ice Cave.

You collected 1051 gold pieces.
You spent 410 gold pieces at shops.


Innate Abilities, Weirdness & Mutations

You cannot be hasted, slowed, berserked, paralysed or teleported.
You can dig through walls and to a lower floor.
You have a pair of large antennae on your head. (SInv)
Your four strong arms can wield two-handed weapons with a shield.


   Skills:
 + Level 13.3 Fighting
 + Level 11.9 Maces & Flails
 - Level 10.0 Crossbows
 + Level 11.7 Armour
 + Level 9.0 Dodging
 - Level 1.2 Stealth
 + Level 10.3 Shields
 - Level 10.4 Invocations
 + Level 5.3 Evocations


You had 11 spell levels left.
You knew the following spells:

 Your Spells              Type           Power      Damage    Failure   Level
o - Portal Projectile     Hex/Tloc       0%         N/A       96%         3

Your spell library contained the following spells:

 Spells                   Type           Power      Damage    Failure   Level
 Animate Skeleton         Necr           0%         N/A       67%         1
 Freeze                   Ice            0%         1d3       67%         1
 Pain                     Necr           0%         1d4       67%         1
 Sandblast                Erth           0%         2d4       67%         1
 Slow                     Hex            0%         N/A       67%         1
 Passwall                 Tmut/Erth      0%         N/A       82%         2
 Static Discharge         Conj/Air       0%         N/A       82%         2
 Call Canine Familiar     Summ           0%         N/A       96%         3
 Confusing Touch          Hex            0%         N/A       96%         3
 Conjure Flame            Conj/Fire      0%         6-21      96%         3
 Frozen Ramparts          Ice            0%         1d2       96%         3
 Ignite Poison            Fire/Tmut/Pois 0%         N/A       96%         3
 Lesser Beckoning         Tloc           0%         N/A       96%         3
 Ozocubu's Armour         Ice            0%         N/A       96%         3
 Stone Arrow              Conj/Erth      0%         3d7       96%         3
 Vampiric Draining        Necr           0%         2d6       96%         3
 Animate Armour           Summ/Erth      0%         N/A       100%        4
 Fulminant Prism          Conj/Hex       0%         3d6       100%        4
 Hailstorm                Conj/Ice       0%         3d3       100%        4
 Iskenderun's Mystic Bla  Conj/Tloc      0%         2d3       100%        4
 Leda's Liquefaction      Hex/Erth       0%         N/A       100%        4
 Petrify                  Tmut/Erth      0%         N/A       100%        4
 Sticky Flame             Conj/Fire      0%         2d3       100%        4
 Lee's Rapid Deconstruct  Erth           0%         3d5*      100%        5
 Lightning Bolt           Conj/Air       0%         1d11      100%        5
 Metabolic Englaciation   Hex/Ice        0%         N/A       100%        5
 Statue Form              Tmut/Erth      0%         N/A       100%        6
 Ozocubu's Refrigeration  Ice            0%         4d5       100%        7
 Spellforged Servitor     Conj/Summ      0%         N/A       100%        7
 Lehudib's Crystal Spear  Conj/Erth      0%         10d2      100%        8
 Maxwell's Capacitive Co  Air            0%         ∞         100%        8

Inventory:

Hand Weapons
 a - a +0 great mace of protection
 e - a +5 hand crossbow of flaming (weapon)
 q - a +7 dagger of venom
 F - a +0 morningstar
Missiles
 c - 32 poisoned darts
 d - 59 bolts (quivered ammo)
 P - 3 curare-tipped darts {=f}
Armour
 h - the +1 pair of gloves "Ywayhud" (worn) {rN+ rCorr Str+4 Dex-4}
   (You acquired it on level 3 of the Dungeon)

   Str:       It affects your strength (+4).
   Dex:       It affects your dexterity (-4).
   rN:        It protects you from negative energy.
   rCorr:     It protects you from acid and corrosion.
 l - a +1 pair of boots (worn)
 n - the +3 scale mail of Optimism (worn) {rElec rC+ Str+3 Dex+3}
   (You found it on level 6 of the Lair of Beasts)

   Str:       It affects your strength (+3).
   Dex:       It affects your dexterity (+3).
   rC:        It protects you from cold.
   rElec:     It insulates you from electricity.
 A - a +1 cloak (worn)
 I - a +0 kite shield (worn)
Jewellery
 g - an amulet of regeneration (around neck)
 s - the ring of Ditaq {Contam Int+6 Dex+6 SInv}
   (You found it in an ice cave)

   [ring of intelligence]

   Int:       It affects your intelligence (+6).
   Dex:       It affects your dexterity (+6).
   SInv:      It lets you see invisible.
   Contam:    It causes magical contamination when unequipped.
 w - the amulet of Anarchy {Faith rF+}
   (You found it in an ice cave)

   [amulet of faith]

   It allows you to gain divine favour quickly.
   rF:        It protects you from fire.
 B - the amulet of Ecotumex {Reflect rF+ rC- Will+ SH+5}
   (You found it in an ice cave)

   [amulet of reflection]

   It reflects blocked missile attacks.
   rF:        It protects you from fire.
   rC:        It makes you vulnerable to cold.
   SH:        It affects your SH (+5).
   Will:      It increases your willpower.
 C - a ring of protection from cold
 G - an amulet of guardian spirit
 K - the ring of Yesterday (left hand) {rElec rPois Dex-4 SInv Stlth+}
   (You took it off an orc warrior on level 9 of the Dungeon)

   [ring of see invisible]

   Dex:       It affects your dexterity (-4).
   rElec:     It insulates you from electricity.
   rPois:     It protects you from poison.
   SInv:      It lets you see invisible.
   Stlth:     It makes you more stealthy.
 L - a ring of flight
 N - a ring of positive energy
 S - a +6 ring of strength (right hand)
Wands
 o - a wand of mindburst (7)
 v - a wand of digging (9)
 y - a wand of iceblast (8)
 D - a wand of polymorph (15)
 H - a wand of flame (13)
 R - a wand of acid (1)
 U - a wand of paralysis (2)
 V - a wand of charming (3)
Scrolls
 f - 2 scrolls of magic mapping
 j - 2 scrolls of enchant weapon
 k - a scroll of identify {@r1}
 m - a scroll of immolation {!r}
 p - 2 scrolls of holy word
 t - 5 scrolls of fog
 E - 3 scrolls of summoning
 J - 2 scrolls of fear
 O - a scroll of vulnerability {!r}
Potions
 b - a potion of mutation {unknown}
 i - 2 potions of invisibility
 r - a potion of ambrosia {unknown}
 u - a potion of flight
 x - 3 potions of lignification {unknown}
 z - a potion of resistance
 W - 4 potions of heal wounds {@q2}
 X - a potion of berserk rage {unknown}
 Y - 2 potions of degeneration {unknown}
 Z - 7 potions of curing {@q1}
Miscellaneous
 Q - a phantom mirror

Dungeon Overview and Level Annotations

Branches:
Dungeon (14/15)            Temple (1/1) D:6            Lair (6/6) D:9
 Shoals (0/4) Lair:4        Snake (0/4) Lair:3        Slime (0/5) Lair:6
    Orc (0/2) D:10         Vaults (0/5) D:13          IceCv (visited)

Altars:
Ashenzari
Cheibriados
Dithmenos
Elyvilon
Fedhas
Gozag
Hepliaklqana
Kikubaaqudgha
Makhleb
Nemelex Xobeh
Okawaru
Qazlal
Ru
Sif Muna
Trog
Uskayaw
Vehumet
Wu Jian
Xom
Yredelemnul
Zin
The Shining One

Shops:
D:5 [   D:9 *

Annotations:
D:12 3 runed translucent doors, exclusion: 3 doors, Duick's ghost, journeyman TrMo
D:13 3 runed translucent doors - 3xench armor in gv, exclusion: 3 doors, Kailexub's ghost, journeyman MiFi
Lair:4 2 transporters, Fiha's ghost, journeyman VSTm
Lair:6 artif evening w dire eleph, 1 exclusion

#((####... ##.....
#....... ##....
#.....# #...# #c...
##..# #.u.## #.)#
##.{..# #(.# #.....##
### ##...
#..##..###u## ##....
#...# ##..#(#@#
##>.... ....#
##(u#### ##......
.... ##..###
###....... ...
##...#######.....###.
.. ##.........[..###
## #.............#
#............##
#...#####......#
...## ##.....#


You could see a red ugly thing.


Message History

The red ugly thing tentacle-slaps you.
* * * LOW HITPOINT WARNING * * *
You are engulfed in flames!
* * * LOW HITPOINT WARNING * * *
The red ugly thing barely misses you.
Fire: 62 bolts
Press: ? - help, Q - select action, (/) - cycle Shift-Dir - straight line, f/p - red ugly thing
Aim: a red ugly thing (heavily wounded, 73% to hit)
You shoot a bolt.
The bolt completely misses the red ugly thing.
The red ugly thing tentacle-slaps you.
* * * LOW HITPOINT WARNING * * *
You are engulfed in flames!
* * * LOW HITPOINT WARNING * * *
Fire: 61 bolts
Press: ? - help, Q - select action, (/) - cycle Shift-Dir - straight line, f/p - red ugly thing
Aim: a red ugly thing (moderately wounded, 73% to hit)
You shoot a bolt. The bolt hits the red ugly thing.
The red ugly thing is heavily wounded.
The red ugly thing barely misses you.
Fire: 60 bolts
Press: ? - help, Q - select action, (/) - cycle Shift-Dir - straight line, f/p - red ugly thing
Aim: a red ugly thing (heavily wounded, 73% to hit)
You shoot a bolt.
The bolt barely misses the red ugly thing.
The red ugly thing tentacle-slaps you.
* * * LOW HITPOINT WARNING * * *
You are engulfed in flames!!
You die...
Fedhas appreciates your contribution to the ecosystem.

Skill      XL: |  1  2  3  4  5  6  7  8  9 10 11 12 13 14 15 |
---------------+----------------------------------------------+-----
Fighting       | 3 4 5 6 7 8 9 10 11 12 13 | 13.3
Crossbows      | 5 6 7 8 9 10 | 10.0
Maces & Flails | 1 2 3 4 5 7 8 9 10 11 | 11.9
Armour         | 1 2 3 5 6 7 8 10 11 | 11.7
Dodging        | 3 4 5 6 7 8 9 |  9.0
Invocations    | 2 4 5 7 9 10 | 10.4
Evocations     | 2 3 5 |  5.3
Shields        | 2 5 7 9 10 | 10.3
Stealth        | |  1.2

Action                   |  1- 3 |  4- 6 |  7- 9 | 10-12 | 13-15 || total
-------------------------+-------+-------+-------+-------+-------++-------
Melee: Mace              |    53 |    45 |       |       |       ||    98
       Flail             |       |    86 |   271 |   480 |   151 ||   988
       Punch             |       |     1 |     5 |     4 |       ||    10
       Dagger            |       |     3 |     2 |    14 |     8 ||    27
       Great mace        |       |       |       |       |   403 ||   403
       Morningstar       |       |       |       |       |    11 ||    11
 Fire: Hand crossbow     |    30 |    36 |    63 |   238 |   415 ||   782
Throw: Dart              |       |       |    10 |     6 |     1 ||    17
Invok: Wall of Briars    |       |       |       |     6 |     5 ||    11
       Grow Ballistomyce |       |       |       |       |     5 ||     5
 Abil: Dig               |       |     1 |       |     5 |     4 ||    10
       Shaft Self        |       |     1 |       |       |       ||     1
Evoke: Wand              |       |       |       |    20 |    40 ||    60
       Phantom mirror    |       |       |       |       |     2 ||     2
  Use: Scroll            |       |     4 |     6 |    15 |     8 ||    33
Armor: Leather armour    |    39 |    20 |       |       |       ||    59
       Scale mail        |       |    57 |   132 |   322 |   428 ||   939
       Chain mail        |       |       |    27 |       |       ||    27
Dodge: Dodged            |    60 |    89 |   141 |   314 |   396 ||  1000
Block: Buckler           |       |       |       |    18 |    86 ||   104
       Kite shield       |       |       |       |       |    21 ||    21

Levels and vault maps discovered:
D:1:      dpeg_arrival_brainrot, layout_loops_ring
D:2:      layout_loops_cross, uniq_terence
D:3:      layout_basic, gammafunk_ghost_nasty_kobolds, lemuel_old_faithful
D:4:      layout_loops_ring, kennysheep_mini_moat
D:5:      layout_basic, serial_shops, nicolae_shop_hallway_stairs,
          minmay_door_square
D:6:      layout_rooms, temple_statues
D:7:      cheibrodos_steamvent, layout_gridville, minmay_hollow_rounded_squares,
          uniq_menkaure
D:8:      layout_basic, uniq_grum
D:9:      layout_layer_cave, lair_entry_dummy, serial_shops,
          nicolae_shop_hallway_plus, minmay_hedge_maze, serial_bayou_ford_a,
          minivault_11, hangedman_feature_mirror, minmay_bent
D:10:     layout_long_grid, hiddenorc2_lemuel
D:11:     layout_roguey, uniq_snorg
D:12:     layout_stronghold, gammafunk_ghost_necromancy, uniq_maurice,
          uniq_frances
D:13:     layout_loops_ring, erik_vaults_2, gammafunk_ghost_hydra_chop,
          portal_ice_cave_entry_imps, uniq_azrael, uniq_kirke, uniq_sonja
D:14:     layout_layer_cave, minivault_25, special_room [special_room_orc]
Temple:   dpeg_three_leaves_temple
Lair:1:   layout_hall_layers, serial_bayou_shore_b
Lair:2:   wander_river, layout_small_grid, serial_bayou_pond_d
Lair:3:   layout_misc_corridors, guppyfry_snake_entry_island
Lair:4:   layout_gridlike, shoals_dummy_entry, gammafunk_ghost_hive,
          grunt_forest_stairs_basic
Lair:5:   layout_regular_city, grunt_megastairs_5, lemuel_fruit_tree
Lair:6:   due_jungle_book, layout_regular_city, minmay_slime_entry_pillars,
          st_stairs_5

Notes
Turn   | Place    | Note
-------+----------+-------------------------------------------
     0 | D:1      | agentchuck the Formicid Hunter began the quest for the Orb.
     0 | D:1      | Reached XP level 1. HP: 16/16 MP: 1/1
   184 | D:1      | Reached XP level 2. HP: 23/23 MP: 2/2
  1235 | D:2      | Noticed Terence
  1307 | D:2      | Reached skill level 3 in Fighting
  1333 | D:2      | Reached XP level 3. HP: 29/29 MP: 3/3
  1716 | D:2      | Reached XP level 4. HP: 35/35 MP: 4/4
  2258 | D:2      | Reached skill level 5 in Crossbows
  2261 | D:2      | Killed Terence
  2262 | D:2      | Reached skill level 4 in Fighting
  2262 | D:2      | Reached XP level 5. HP: 28/42 MP: 5/5
  2914 | D:3      | You fall into a shaft and drop 1 floor!
  2917 | D:4      | Reached skill level 1 in Maces & Flails
  2956 | D:4      | Reached XP level 6. HP: 29/49 MP: 6/6
  3202 | D:4      | Identified 2 scrolls of acquirement
  3206 | D:4      | Acquired a +4 hand crossbow of flaming
  3224 | D:4      | Reached skill level 5 in Fighting
  3339 | D:3      | Reached skill level 1 in Armour
  3459 | D:3      | Reached XP level 7. HP: 56/56 MP: 7/7
  3486 | D:3      | Found a runed translucent gate.
  3488 | D:3      | Noticed DrKleor's ghost (amateur DsFi)
  3491 | D:3      | Found a runed translucent gate.
  3582 | D:3      | Acquired the +1 pair of gloves "Ywayhud" {rN+ rCorr Str+4
                  | Dex-4}
  3707 | D:3      | Found a runed translucent gate.
  3786 | D:3      | Reached skill level 6 in Crossbows
  3805 | D:3      | Reached skill level 2 in Maces & Flails
  4249 | D:4      | Found a shimmering altar of Xom.
  4586 | D:5      | Entered Level 5 of the Dungeon
  4712 | D:5      | Reached skill level 2 in Armour
  4716 | D:5      | Reached skill level 6 in Fighting
  4766 | D:5      | Reached XP level 8. HP: 64/64 MP: 8/8
  5029 | D:5      | Reached skill level 3 in Maces & Flails
  5065 | D:5      | Reached skill level 7 in Crossbows
  5083 | D:5      | Reached skill level 3 in Armour
  5227 | D:5      | Found Belynig's Armour Shoppe.
  5235 | D:5      | Bought a +0 cloak for 49 gold pieces
  5827 | D:6      | Reached skill level 7 in Fighting
  5843 | D:6      | Found a staircase to the Ecumenical Temple.
  5855 | Temple   | Entered the Ecumenical Temple
  5969 | Temple   | Became a worshipper of Fedhas Madash
  6447 | D:6      | Reached XP level 9. HP: 45/72 MP: 9/9
  6525 | D:7      | Found a large runed translucent door.
  6526 | D:7      | Found a large runed translucent door.
  6549 | D:7      | Found a large runed translucent door.
  6549 | D:7      | Found a large runed translucent door.
  6551 | D:7      | Noticed a seven-headed hydra
  6958 | D:7      | Reached skill level 4 in Maces & Flails
  6958 | D:7      | Reached skill level 4 in Armour
  7005 | D:7      | Reached skill level 8 in Crossbows
  7129 | D:7      | Reached skill level 2 in Dodging
  7129 | D:7      | Reached skill level 1 in Invocations
  7389 | D:7      | Noticed Menkaure
  7391 | D:7      | Killed Menkaure
  7392 | D:7      | Reached skill level 8 in Fighting
  7392 | D:7      | Reached skill level 2 in Invocations
  7566 | D:7      | Reached * piety under Fedhas
  7606 | D:7      | Noticed a slime creature
  7685 | D:7      | Killed a slime creature
  7686 | D:7      | Reached skill level 5 in Armour
  7686 | D:7      | Reached skill level 3 in Dodging
  7686 | D:7      | Reached XP level 10. HP: 51/80 MP: 10/12
  7766 | D:7      | Reached skill level 3 in Invocations
  7846 | D:7      | Reached skill level 5 in Maces & Flails
  8175 | D:8      | Noticed Grum
  8183 | D:8      | Reached skill level 4 in Invocations
  8187 | D:8      | Killed Grum
  8405 | D:8      | Reached ** piety under Fedhas
  8642 | D:8      | Reached skill level 1 in Evocations
  8977 | D:5      | Bought a +3 scale mail of poison resistance for 253 gold
                  | pieces
  9110 | D:9      | Noticed a cyan ugly thing
  9124 | D:8      | Reached skill level 6 in Armour
  9135 | D:8      | Reached skill level 9 in Fighting
  9135 | D:8      | Reached skill level 9 in Crossbows
  9135 | D:8      | Reached skill level 4 in Dodging
  9276 | D:9      | Noticed a two-headed ogre
  9281 | D:9      | Killed a two-headed ogre
  9282 | D:9      | Reached skill level 2 in Evocations
  9452 | D:9      | Reached XP level 11. HP: 89/89 MP: 14/14
  9482 | D:9      | Found Jupiol Ysesch's Assorted Antiques.
  9487 | D:9      | Bought a scroll of identify for 72 gold pieces
  9487 | D:9      | Bought a scroll labelled UTSYSI DUUWN for 36 gold pieces
  9497 | D:9      | Found a sacrificial altar of Ru.
  9754 | D:9      | Reached skill level 6 in Maces & Flails
  9899 | D:9      | Found a staircase to the Lair.
 10056 | D:9      | Noticed a white ugly thing
 10067 | D:9      | Killed a cyan ugly thing
 10070 | D:9      | Killed a white ugly thing
 10071 | D:9      | Reached skill level 3 in Evocations
 10165 | D:9      | Identified the ring of Yesterday {rElec rPois Dex-4 SInv
                  | Stlth+}
 10327 | D:9      | Found a stormy altar of Qazlal.
 10874 | D:10     | Entered Level 10 of the Dungeon
 10922 | D:10     | Reached skill level 7 in Armour
 11064 | D:10     | Reached skill level 5 in Dodging
 11072 | D:10     | Reached *** piety under Fedhas
 11075 | D:10     | Acquired the -2 buckler of Fupu {Rampage *Slow Str+9 Int+8}
 11086 | D:10     | Learned a level 3 spell: Portal Projectile
 11190 | D:10     | Found a staircase to the Orcish Mines.
 11410 | D:10     | Noticed a tengu warrior
 11604 | D:9      | Killed a tengu warrior
 11605 | D:9      | Reached skill level 1 in Shields
 11764 | D:10     | Reached **** piety under Fedhas
 11890 | D:10     | Reached skill level 2 in Shields
 11890 | D:10     | Reached skill level 5 in Invocations
 11903 | D:10     | Reached skill level 10 in Fighting
 11907 | D:10     | Reached skill level 7 in Maces & Flails
 12441 | D:7      | Killed a seven-headed hydra
 12444 | D:7      | Reached XP level 12. HP: 96/97 MP: 7/16
 12638 | D:3      | Reached skill level 3 in Shields
 12651 | D:3      | Killed DrKleor's ghost
 12894 | Lair:1   | Entered Level 1 of the Lair of Beasts
 12900 | Lair:1   | Noticed a five-headed hydra
 12908 | Lair:1   | Killed a five-headed hydra
 12909 | Lair:1   | Reached skill level 10 in Crossbows
 13151 | Lair:1   | Noticed a six-headed hydra
 13157 | Lair:1   | Killed a six-headed hydra
 13158 | Lair:1   | Reached skill level 8 in Armour
 13158 | Lair:1   | Reached skill level 6 in Invocations
 13787 | Lair:2   | Got Sif Muna's Tome of the Compass and Confrontation
 13855 | Lair:2   | Noticed a seven-headed hydra
 13862 | Lair:2   | Killed a seven-headed hydra
 13863 | Lair:2   | Reached skill level 4 in Shields
 14787 | Lair:3   | Reached skill level 8 in Maces & Flails
 14864 | Lair:3   | Found a staircase to the Snake Pit.
 15026 | Lair:3   | Reached skill level 5 in Shields
 15335 | Lair:3   | Reached skill level 7 in Invocations
 15655 | Lair:4   | Noticed a six-headed hydra
 15660 | Lair:4   | Killed a six-headed hydra
 15661 | Lair:4   | Reached skill level 6 in Dodging
 15676 | Lair:4   | Reached skill level 11 in Fighting
 16027 | Lair:4   | Noticed Fiha's ghost (journeyman VSTm)
 16055 | Lair:4   | Found a transporter.
 16058 | Lair:4   | Found a transporter.
 16285 | Lair:4   | Found a staircase to the Shoals.
 16712 | Lair:5   | Reached XP level 13. HP: 106/106 MP: 18/18
 17170 | Lair:6   | Entered Level 6 of the Lair of Beasts
 17174 | Lair:6   | Reached ***** piety under Fedhas
 17207 | Lair:6   | Reached skill level 9 in Armour
 17282 | Lair:6   | Reached skill level 6 in Shields
 17614 | Lair:6   | Reached skill level 8 in Invocations
 17765 | Lair:6   | Reached skill level 9 in Maces & Flails
 17781 | Lair:6   | Noticed an eight-headed hydra
 17785 | Lair:6   | Killed an eight-headed hydra
 17806 | Lair:6   | Reached skill level 7 in Shields
 18073 | Lair:6   | Reached skill level 7 in Dodging
 18309 | Lair:6   | Found a staircase to the Slime Pits.
 18340 | Lair:6   | Noticed a dire elephant
 18552 | Lair:6   | Reached skill level 10 in Armour
 18676 | Lair:6   | Reached skill level 9 in Invocations
 18736 | Lair:6   | Identified the +3 scale mail of Optimism {rElec rC+ Str+3
                  | Dex+3}
 18801 | Lair:6   | Reached XP level 14. HP: 114/114 MP: 20/20
 18866 | Lair:6   | Reached skill level 12 in Fighting
 19115 | Lair:6   | Noticed a dire elephant
 19115 | Lair:6   | Noticed a dire elephant
 19165 | Lair:6   | Reached skill level 8 in Shields
 19241 | Lair:6   | Noticed a dire elephant
 19456 | Lair:6   | Killed a dire elephant
 19515 | Lair:6   | Killed a dire elephant
 19693 | Lair:6   | Upgraded the game from 0.29-a0-11-ga75d3d97ab to
                  | 0.29-a0-22-gbf593b16ee
 19892 | D:11     | Identified a potion of resistance
 20391 | D:11     | Noticed Snorg
 20396 | D:11     | Killed Snorg
 20821 | D:12     | Noticed Maurice
 20829 | D:12     | Killed Maurice
 20947 | D:12     | Reached ****** piety under Fedhas
 21007 | D:12     | Reached skill level 10 in Maces & Flails
 21117 | D:12     | Noticed Frances
 21129 | D:12     | Killed Frances
 21130 | D:12     | Reached skill level 8 in Dodging
 21130 | D:12     | Reached skill level 10 in Invocations
 21217 | D:12     | Found a runed translucent gate.
 21217 | D:12     | Found a runed translucent gate.
 21218 | D:12     | Found a runed translucent gate.
 21220 | D:12     | Noticed Duick's ghost (journeyman TrMo)
 21340 | D:12     | Acquired a manual of Maces & Flails
 21406 | D:12     | Reached skill level 9 in Shields
 21787 | D:13     | Found a runed translucent gate.
 21787 | D:13     | Found a runed translucent gate.
 21787 | D:13     | Found a runed translucent gate.
 21789 | D:13     | Noticed Kailexub's ghost (journeyman MiFi)
 21870 | D:13     | Identified the +1 plate armour "Taycego" {Int+8}
 22023 | D:13     | Found a frozen archway.
 22063 | D:13     | Reached skill level 11 in Armour
 22126 | IceCv    | Entered an ice cave
 22614 | IceCv    | Reached XP level 15. HP: 104/122 MP: 22/22
 22645 | IceCv    | Noticed a quicksilver ooze
 22649 | IceCv    | Killed a quicksilver ooze
 22751 | IceCv    | Noticed a quicksilver ooze
 22752 | IceCv    | Killed a quicksilver ooze
 23255 | IceCv    | Reached skill level 11 in Maces & Flails
 23255 | IceCv    | Reached skill level 4 in Evocations
 23370 | IceCv    | Found a viscous altar of Jiyva.
 23370 | IceCv    | Noticed an azure jelly
 23377 | IceCv    | Killed an azure jelly
 23378 | IceCv    | Reached skill level 13 in Fighting
 23389 | IceCv    | Noticed an azure jelly
 23396 | IceCv    | Killed an azure jelly
 23414 | IceCv    | Identified the ring of Ditaq {Contam Int+6 Dex+6 SInv}
 23416 | IceCv    | Identified the amulet of Anarchy {Faith rF+}
 23418 | IceCv    | Identified the amulet of Ecotumex {Reflect rF+ rC- Will+
                  | SH+5}
 23421 | IceCv    | Got the Tome of the Snowflakes
 23796 | D:13     | Noticed Sonja
 23922 | D:12     | Reached skill level 10 in Shields
 23964 | D:12     | Upgraded the game from 0.29-a0-22-gbf593b16ee to
                  | 0.29-a0-23-ga79f92ac9c
 24142 | D:13     | Noticed Azrael
 24173 | D:13     | Noticed Kirke
 24190 | D:12     | Killed Kirke
 24277 | D:13     | Noticed Sonja
 24277 | D:13     | Sonja changed into Sonja the boggart
 24279 | D:13     | Killed Sonja the boggart
 24422 | D:13     | Found a gate to the Vaults.
 24612 | D:13     | Killed Azrael
 24946 | D:13     | Reached skill level 5 in Evocations
 25288 | D:14     | Reached skill level 9 in Dodging
 25294 | D:14     | Identified the +9 spear of the Omega Point {vorpal, Will+
                  | MP+9}
 25554 | D:14     | Slain by a red ugly thing

Vanquished Creatures
  Frances (D:12)
  Kirke (D:12)
  2 azure jellies (IceCv)
  2 quicksilver oozes (IceCv)
  2 dire elephants (Lair:6)
  Azrael (D:13)
  Snorg (D:11)
  6 hydras
  8 vault guards
  2 two-headed ogres
  A centaur warrior (D:12)
  2 tengu warriors
  4 skeletal warriors (D:12)
  A lindwurm (Lair:6)
  8 ugly things
  4 cyclopes
  2 black mambas
  3 ice statues (IceCv)
  13 elephants (Lair:6)
  Maurice (D:12)
  7 cane toads
  A torpor snail (Lair:6)
  A dire elephant skeleton (Lair:6)
  2 rime drakes
  6 komodo dragons
  3 yaktaurs (D:14)
  2 entropy weaver simulacra (IceCv)
  A tengu conjurer (D:10)
  3 trolls
  A polar bear (Lair:6)
  2 hornets (D:8)
  22 blink frogs
  A spectral elephant (Lair:6)
  3 dream sheep (Lair:6)
  17 slime creatures
  2 shadows
  21 yaks
  A vampire (D:11)
  4 fire elementals
  A human (shapeshifter) (D:13)
  Grum (D:8)
  4 basilisks
  10 wyverns
  11 vampire mosquitoes
  2 steam dragons (D:7)
  Menkaure (D:7)
  A death yak simulacrum (Lair:6)
  A naga (Lair:3)
  5 demonic crawler simulacra (IceCv)
  11 water moccasins
  An acid dragon (D:7)
  A hell hound (D:13)
  A black bear (D:5)
  7 orc warriors
  3 ice beasts
  A sky beast (D:7)
  4 ugly thing simulacra (IceCv)
  A necrophage (D:7)
  An ogre (D:5)
  The ghost of DrKleor the Skirmisher, an amateur DsFi (D:3)
  A boggart (D:13)
  12 wolves
  10 centaurs
  4 phantoms
  10 bullfrogs
  2 kobold brigands
  A gnoll sergeant (D:8)
  3 scorpions
  A glowing shapeshifter simulacrum (IceCv)
  A cane toad simulacrum (Lair:6)
  A water moccasin zombie (D:7)
  A wyvern skeleton (D:7)
  A killer bee (D:7)
  8 howler monkeys
  2 electric eels
  3 centaur zombies
  4 jellies
  16 orc priests
  3 gnoll shamans
  2 centaur skeletons
  A hound (D:4)
  Terence (D:2)
  18 orc wizards
  An iguana (D:6)
  6 hell rats (Lair:3)
  2 killer bee zombies (D:7)
  A hound zombie (D:5)
  15 gnolls
  A howler monkey skeleton (D:5)
  8 adders
  14 white imps
  An ufetubus (D:5)
  3 worms
  2 dart slugs
  79 orcs
  5 endoplasms
  3 giant cockroaches
  10 goblins
  11 hobgoblins
  10 jackals
  A quokka (D:1)
  6 ball pythons
  7 bats
  2 frilled lizards (D:2)
  20 kobolds
  4 rats
  A ballistomycete spore (D:12)
553 creatures vanquished.

Vanquished Creatures (collateral kills)
  A troll (D:9)
  A howler monkey (D:9)
  5 ballistomycete spores (D:12)
7 creatures vanquished.

Vanquished Creatures (others)
  An oklob plant (Lair:6)
  A black mamba (Lair:2)
  2 humans (D:13)
  A ballistomycete spore (D:12)
  A bush (Lair:6)
  66 fungi
  55 plants
  35 withered plants (Lair:6)
162 creatures vanquished.

Grand Total: 722 creatures vanquished

Table legend: (Time is in decaauts)
 A = Elapsed time spent in this place.
 B = Non-inter-level travel time spent in this place.
 C = Inter-level travel time spent in this place.
 D = Time resting spent in this place.
 E = Time spent auto-exploring this place.
 F = Levels seen in this place.
 G = Mean time per level.
                   A        B        C        D        E       F      G
               +--------+--------+--------+--------+--------+-----+--------+
         Total |  25921 |  24012 |   1909 |   4248 |   9004 |  22 | 1178.2 |
       Dungeon |  17394 |  15836 |   1558 |   2721 |   6310 |  14 | 1242.4 |
        Temple |    126 |     93 |     33 |      0 |     55 |   1 |  126.0 |
          Lair |   7019 |   6702 |    317 |    793 |   2639 |   6 | 1169.8 |
      Ice Cave |   1380 |   1380 |      0 |    733 |      0 |   1 | 1380.0 |
               +--------+--------+--------+--------+--------+-----+--------+

Top non-repeatable levels by time:
  Lair:6: 2458 daAuts
     D:9: 2049 daAuts
    D:13: 1864 daAuts
     D:7: 1660 daAuts
    D:12: 1556 daAuts
     D:1: 1411 daAuts
   IceCv: 1380 daAuts
     D:2: 1335 daAuts
     D:5: 1293 daAuts
    D:10: 1271 daAuts
     D:8: 1213 daAuts
     D:4: 1090 daAuts
     D:3: 1045 daAuts
  Lair:3: 981 daAuts
  Lair:1: 940 daAuts

Table legend:
 A = Non-vault XP
 B = Vault XP
 C = Vault XP percentage of total XP
 D = Non-vault monster count
 E = Vault monster count
 F = Vault count percentage of total count
                 A         B        C        D         E       F
            +---------+---------+-------+---------+---------+-------
      Total |   60310 |   34953 |  36.7 |     405 |     149 |  26.9
            +---------+---------+-------+---------+---------+-------
        D:1 |      23 |       2 |   8.0 |      15 |       1 |   6.2
        D:2 |     141 |      36 |  20.3 |      28 |       1 |   3.4
        D:3 |     178 |     235 |  56.9 |      23 |      13 |  36.1
        D:4 |     350 |       0 |   0.0 |      35 |       0 |   0.0
        D:5 |     860 |       0 |   0.0 |      24 |       0 |   0.0
        D:6 |     374 |       0 |   0.0 |      12 |       0 |   0.0
        D:7 |     825 |    2760 |  77.0 |      17 |      16 |  48.5
        D:8 |    1738 |     532 |  23.4 |      32 |       4 |  11.1
        D:9 |    2450 |    1668 |  40.5 |      20 |       8 |  28.6
       D:10 |    3040 |     486 |  13.8 |      24 |      32 |  57.1
       D:11 |    2042 |     931 |  31.3 |      12 |       1 |   7.7
       D:12 |    8160 |    6151 |  43.0 |      23 |       7 |  23.3
       D:13 |    5139 |    6315 |  55.1 |      18 |      23 |  56.1
       D:14 |    3545 |       0 |   0.0 |       9 |       0 |   0.0
     Lair:1 |    2766 |       0 |   0.0 |      10 |       0 |   0.0
     Lair:2 |    3341 |       0 |   0.0 |      10 |       0 |   0.0
     Lair:3 |    3062 |     166 |   5.1 |      20 |       1 |   4.8
     Lair:4 |    1698 |       0 |   0.0 |       5 |       0 |   0.0
     Lair:5 |    1243 |      84 |   6.3 |       6 |       1 |  14.3
     Lair:6 |   17989 |    5873 |  24.6 |      57 |      16 |  21.9
      IceCv |    1346 |    9714 |  87.8 |       5 |      25 |  83.3
            +---------+---------+-------+---------+---------+-------
